 Dungeon Crawl Stone Soup version 0.19.5 (webtiles) character file.

354 IcyNumb the Spear-Bearer (level 6, -3/44 HPs)
             Began as a Merfolk Gladiator on May 20, 2017.
             Slain by an iguana (10 damage)
             ... on level 3 of the Dungeon on May 21, 2017.
             The game lasted 00:29:30 (3706 turns).

IcyNumb the Spear-Bearer (Merfolk Gladiator)        Turns: 3706, Time: 00:29:31

Health: -3/44      AC:  4    Str: 16    XL:     6   Next: 63%
Magic:  6/6        EV: 15    Int:  7    God:
Gold:   208        SH:  0    Dex: 16    Spells: 0 memorised, 5 levels left

rFire  . . .     SeeInvis .     a - +0 trident
rCold  . . .     Gourm    .     b - +0 leather armour
rNeg   . . .     Faith    .     (no shield)
rPois  .         Spirit   .     r - +0 helmet
rElec  .         Reflect  .     (no cloak)
rCorr  .         Harm     .     (no gloves)
MR     .....                    (no boots)
Stlth  +.........               C - amulet of magic regeneration
                                (no ring)
                                (no ring)

@: lethally poisoned (-3 -> -4)
A: change form in water, swift swim, stealthy swim
a: no special abilities


You were on level 3 of the Dungeon.
You were not hungry.

You visited 1 branch of the dungeon, and saw 4 of its levels.

You collected 208 gold pieces.

Inventory:

Hand Weapons
 a - a +0 trident (weapon)
Armour
 b - a +0 leather armour (worn)
 r - a +0 helmet (worn)
 w - a cursed +0 leather armour
Jewellery
 C - an amulet of magic regeneration (around neck)
Scrolls
 e - a scroll of teleportation {unknown}
 i - a scroll of magic mapping {unknown}
 m - 2 scrolls of enchant armour {unknown}
 q - 2 scrolls of amnesia {unknown}
 s - 2 scrolls of immolation {unknown}
 t - a scroll of random uselessness {unknown}
 u - 2 scrolls of remove curse
 y - a scroll of blinking {unknown}
 z - a scroll of enchant weapon {unknown}
Potions
 c - a potion of mutation {unknown}
 g - 2 potions of flight
 k - 2 potions of curing {unknown}
 n - 2 potions of might {unknown}
 o - a potion of heal wounds {unknown}
 p - 2 potions of cure mutation {unknown}
 v - a potion of lignification {unknown}
 A - 2 potions of cancellation {unknown}
 B - a potion of magic {unknown}
Comestibles
 d - 2 chunks of flesh
 f - 2 bread rations
 j - a beef jerky


   Skills:
 - Level 2.1 Fighting
 + Level 9.7 Polearms
 - Level 2.0 Throwing
 - Level 5.2 Dodging


You had 5 spell levels left.
You didn't know any spells.

Dungeon Overview and Level Annotations

Branches:
Dungeon (4/15)
 Temple: D:4-7

Altars:

Annotations:
D:2 Sigmund
D:4 tschems's ghost, amateur HuFi


Message History

You closely miss the iguana.
You feel sick. The iguana barely misses you.
You hit the iguana.
The iguana is moderately wounded.
The iguana closely misses you.
You hit the iguana.
The iguana is heavily wounded.
The iguana completely misses you.
You hit the iguana but do no damage.
The iguana is heavily wounded.
The iguana bites you but does no damage.
You completely miss the iguana.
The iguana is moderately wounded.
You feel sick.
You hit the iguana.
The iguana is severely wounded.
The iguana closely misses you.
You completely miss the iguana.
The iguana is severely wounded.
The iguana bites you!
You die...

#..............#.###.###.#
#..............#.....# #.#
####..............#########.#
#............................
#.................###..####.#
#.......######'##.......# #..
#.......# #.##...8...# ###
#.......# ###.##..8.8..#####
######### #@.....8._.8......
#l###...8.8..##### #.#
##...8.......#
#.####........##.#
###########.................
#......................#....
#...........................
#...........................
#......................##...


You could see an iguana.

Vanquished Creatures
  The ghost of Nr616 the Changer, an amateur NaTm (D:3)
  A bullfrog (D:3)
  A worker ant (D:4)
  Robin (D:2)
  3 adders
  2 oozes (D:3)
  A dart slug (D:1)
  An orc (D:4)
  A ball python (D:3)
  8 bats
  6 giant cockroaches
  17 goblins
  7 hobgoblins
  7 jackals
  2 quokkas
  6 frilled lizards
  7 kobolds
  5 rats
77 creatures vanquished.

Notes
Turn   | Place    | Note
-------+----------+-------------------------------------------
     0 | D:1      | IcyNumb the Merfolk Gladiator began the quest for the Orb.
     0 | D:1      | Reached XP level 1. HP: 16/16 MP: 1/1
   137 | D:1      | Reached XP level 2. HP: 22/22 MP: 2/2
   518 | D:1      | Reached skill level 5 in Polearms
   696 | D:1      | Reached XP level 3. HP: 26/27 MP: 3/3
   950 | D:2      | Noticed Robin
   996 | D:1      | Reached skill level 5 in Dodging
  1085 | D:2      | Killed Robin
  1085 | D:2      | Reached XP level 4. HP: 32/33 MP: 4/4
  1237 | D:2      | Reached skill level 6 in Polearms
  1289 | D:2      | Noticed Sigmund
  2178 | D:3      | Found a faded altar of an unknown god.
  2210 | D:3      | Noticed a bullfrog
  2238 | D:3      | Killed a bullfrog
  2238 | D:3      | Reached skill level 7 in Polearms
  2238 | D:3      | Reached XP level 5. HP: 26/38 MP: 5/5
  2348 | D:3      | Reached skill level 8 in Polearms
  2830 | D:3      | Noticed Nr616's ghost (amateur NaTm)
  2864 | D:3      | Killed Nr616's ghost
  2864 | D:3      | Reached skill level 9 in Polearms
  2864 | D:3      | Reached XP level 6. HP: 25/44 MP: 6/6
  3123 | D:4      | Noticed tschems's ghost (amateur HuFi)
  3706 | D:3      | Slain by an iguana

Skill      XL: |  1  2  3  4  5 |
---------------+----------------+-----
Polearms       | 5 7 9 |  9.7
Dodging        | 5 |  5.2
Fighting       | |  2.1
Throwing       | |  2.0

Action                   |  1- 3 |  4- 6 || total
-------------------------+-------+-------++-------
Melee: Trident           |    93 |   189 ||   282
Throw: Throwing net      |       |     5 ||     5
  Use: Scroll            |       |     4 ||     4
 Stab: Sleeping          |       |     1 ||     1
       Distracted        |       |     1 ||     1
  Eat: Chunk             |     1 |     6 ||     7
       Meat ration       |       |     1 ||     1
Armor: Leather armour    |    13 |    29 ||    42
Dodge: Dodged            |    78 |   121 ||   199
